 Dungeon Crawl Stone Soup version 0.30-a0-605-gb2882149bf (webtiles) character file.

Game seed: 10049521034514134001

46349 karrick the Blocker (level 14, -9/113 HPs)
             Began as a Gnoll Fighter on Jan 8, 2023.
             Was the Champion of Okawaru.
             Killed from afar by a bog body (32 damage)
             ... with a bolt of cold
             ... on level 2 of the Lair of Beasts.
             The game lasted 00:47:46 (16109 turns).

karrick the Blocker (Gnoll Fighter)                Turns: 16109, Time: 00:47:46

Health: -9/113     AC: 17    Str: 16    XL:     14   Next: 37%
Magic:  36/36      EV: 15    Int:  8    God:    Okawaru [******]
Gold:   578        SH:  8    Dex: 20    Spells: 32/32 levels left

rFire   . . .      SeeInvis +    P - +5 long sword
rCold   . . .      Faith    .    D - +0 buckler of Music {rElec MP+9 Dex+4}
rNeg    . . .      Spirit   .    b - +0 scale mail
rPois   .          Reflect  .    x - +0 helmet
rElec   +          Harm     .    u - +0 cloak
rCorr   .          Rampage  .    s - +1 Delatra's gloves {ID++}
Will    ++...                    W - +1 pair of boots {Stlth+}
Stlth   ++++                     F - amulet of Vitality {RegenMP++ Regen++}
HPRegen 1.98/turn                l - ring of willpower
MPRegen 1.05/turn                n - ring of see invisible

@: about to teleport, slowed, studying Fire Magic, very slow
A: fangs 1, strong nose, distributed training
a: Renounce Religion, Heroism, Finesse, Duel


You were on level 2 of the Lair of Beasts.
You worshipped Okawaru.
Okawaru was exalted by your worship.
You visited 2 branches of the dungeon, and saw 17 of its levels.
You also visited: Ossuary.

You collected 1173 gold pieces.
You spent 595 gold pieces at shops.

Inventory:

Hand Weapons
 d - the +6 triple sword of Okawaru, Muttering {vamp, Will+}
   (Okawaru gifted it to you on level 12 of the Dungeon)

   Will:      It increases your willpower.
 k - a +1 war axe of flaming
 w - the +2 quick blade "Berieph" {freeze, *Rage rElec MP+9 Str+5}
   (Okawaru gifted it to you on level 14 of the Dungeon)

   Str:       It affects your strength (+5).
   rElec:     It insulates you from electricity.
   MP:        It affects your magic capacity (+9).
   *Rage:     It berserks you when you make melee attacks (+20% chance).
 y - the +11 plutonium sword {Contam Stlth-}
   (Okawaru gifted it to you on level 15 of the Dungeon)

   It occasionally inflicts wild transmutation effects on those it strikes,
   inflicting malmutation or extra damage, or polymorphing them into a new form.
   Contam:    It causes magical contamination when unequipped.
   Stlth:     It makes you less stealthy.
 P - a +5 long sword (weapon)
 R - a +3 flail of freezing
 Y - a +1 flail of holy wrath
Missiles
 i - 19 boomerangs (quivered)
 S - 4 javelins
 V - 2 silver javelins
Armour
 b - a +0 scale mail (worn)
 j - a scarf of harm
 s - the +1 Delatra's gloves (worn) {ID++}
   (You found it on level 3 of the Dungeon)

   It heals its wearer when they drink unknown potions.
   It restores its wearer's MP when they read unknown scrolls.
 u - a +0 cloak (worn)
 x - a +0 helmet (worn)
 D - the +0 buckler of Music (worn) {rElec MP+9 Dex+4}
   (You bought it in a shop on level 12 of the Dungeon)

   Dex:       It affects your dexterity (+4).
   rElec:     It insulates you from electricity.
   MP:        It affects your magic capacity (+9).
 W - a +1 pair of boots of stealth (worn)
Jewellery
 a - a ring of willpower
 e - an amulet of guardian spirit
 l - a ring of willpower (left hand)
 n - a ring of see invisible (right hand)
 C - a ring of protection from fire
 F - the amulet of Vitality (around neck) {RegenMP++ Regen++}
   (You found it on level 7 of the Dungeon)

   [amulet of magic regeneration]

   It increases your rate of magic regeneration.
   Regen:     It increases your rate of health regeneration.
Wands
 E - a wand of digging (10)
 M - a wand of flame (41)
 O - a wand of mindburst (5)
 X - a wand of iceblast (15)
Scrolls
 h - 8 scrolls of teleportation
 m - 5 scrolls of butterflies {unknown}
 p - 15 scrolls of identify
 q - a scroll of torment {unknown}
 r - 2 scrolls of enchant weapon {unknown}
 t - 3 scrolls of amnesia {unknown}
 v - 6 scrolls of enchant armour {unknown}
 A - 3 scrolls of blinking {unknown}
 G - a scroll of fog {unknown}
 K - 3 scrolls of brand weapon {unknown}
 Q - 2 scrolls of poison {unknown}
Potions
 c - a potion of magic {unknown}
 f - 4 potions of brilliance
 g - 7 potions of degeneration
 o - 2 potions of lignification {unknown}
 z - a potion of haste
 B - 8 potions of curing
 H - a potion of flight {unknown}
 I - 2 potions of might
 J - 2 potions of ambrosia {unknown}
 L - a potion of experience {unknown}
 N - a potion of mutation {unknown}
 U - 6 potions of cancellation {unknown}


   Skills:
 + Level 11.5 Fighting
 + Level 9.5 Short Blades
 + Level 9.5 Long Blades
 + Level 10.5 Axes
 + Level 9.5 Maces & Flails
 + Level 9.5 Polearms
 + Level 9.5 Staves
 + Level 9.5 Ranged Weapons
 + Level 9.5 Throwing
 + Level 11.5 Armour
 + Level 9.5 Dodging
 + Level 9.5 Stealth
 + Level 11.5 Shields
 + Level 9.5 Unarmed Combat
 + Level 9.5 Spellcasting
 + Level 7.9 Conjurations
 + Level 7.9 Hexes
 + Level 7.9 Summonings
 + Level 7.9 Necromancy
 + Level 7.9 Translocations
 + Level 7.9 Transmutations
 + Level 8.0 Fire Magic
 + Level 7.9 Ice Magic
 + Level 7.9 Air Magic
 + Level 7.9 Earth Magic
 + Level 7.9 Poison Magic
 + Level 10.3 Invocations
 + Level 9.5 Evocations


You had 32 spell levels left.
You didn't know any spells.
Your spell library contained the following spells:

 Spells                   Type           Power      Damage    Failure   Level
 Kiss of Death            Conj/Necr      64%        2d10      1%          1
 Ozocubu's Armour         Ice            16%        N/A       6%          3
 Vhi's Electric Charge    Tloc/Air       32%        N/A       6%          3
 Arcjolt                  Conj/Air       8%         1d18      50%         5
 Blade Hands              Tmut           8%         N/A       50%         5
 Borgnjor's Vile Clutch   Necr/Erth      8%         N/A       50%         5
 Fireball                 Conj/Fire      8%         3d6       50%         5
 Irradiate                Conj/Tmut      8%         3d14      50%         5
 Conjure Ball Lightning   Conj/Air       8%         3x3d6     97%         6
 Iron Shot                Conj/Erth      8%         9d3       97%         6
 Dragon Form              Tmut           8%         N/A       100%        7
 Ozocubu's Refrigeration  Ice            8%         4d9       100%        7
 Discord                  Hex            8%         N/A       100%        8
 Disjunction              Tloc           8%         N/A       100%        8
 Maxwell's Capacitive Co  Air            8%         ∞         100%        8
 Spellforged Servitor     Conj/Summ      Unusable   N/A       N/A         7

Dungeon Overview and Level Annotations

Branches:
Dungeon (15/15)            Temple (0/1) D:7            Lair (2/5) D:11
  Swamp (0/4) Lair:2          Orc (0/2) D:10         Vaults (0/5) D:13
 Depths (0/4) D:15        Ossuary (visited)
  Snake: Lair:2-3    Spider: Lair:2-3

Altars:
Ashenzari
Cheibriados
Dithmenos
Elyvilon
Gozag
Hepliaklqana
Kikubaaqudgha
Nemelex Xobeh
Okawaru
Qazlal
Ru
Sif Muna
Trog
Vehumet
Wu Jian
Xom
The Shining One

Shops:
D:12 [


Innate Abilities, Weirdness & Mutations

You have very sharp teeth.
Your uncanny sense of smell can sniff out nearby items.
Your experience applies equally to all skills.


Message History

You are too injured to fight recklessly!
You hit the bog body. Your bite misses the bog body.
The bog body is almost destroyed.
The bog body closely misses you.
The bog body points at you and mumbles some strange words.
The bolt of cold hits you!!
* * * LOW HITPOINT WARNING * * *
The bog body gestures at you while chanting.
You resist with almost no effort.
Okay, then.
You feel much better.
The bog body touches you but does no damage.
The bog body points at you and mumbles some strange words.
The bolt of cold hits you but does no damage.
The bog body touches you.
* * * LOW HITPOINT WARNING * * *
The bog body freezes you!!
* * * LOW HITPOINT WARNING * * *
You feel much better.
The bog body touches you but does no damage.
The bog body touches you!
* * * LOW HITPOINT WARNING * * *
The bog body freezes you!!
* * * LOW HITPOINT WARNING * * *
The bog body closely misses you.
It was a potion of curing.
You feel better.
The energy of discovery flows from your fingertips!
You feel much better. The bog body barely misses you.
The bog body touches you but does no damage.
The bog body gestures at you while chanting.
You feel as though you will be slow longer.
As you read the scroll of teleportation, it crumbles to dust.
You feel strangely unstable. The bog body casts a spell at you.
The bolt of cold hits you!!
* * * LOW HITPOINT WARNING * * *
You block the bog body's attack.
The bog body gestures at you while chanting.
The bolt of cold hits you!!
You die...

..§♣~♣. .!.~§§§♣. #
...♣§§§~. #.
#..§§§§~. ##.#
#...~~~.. #...#
##.......
#...##n.......
.##.#....@n..#
........###P.##
....... #P.# .......
#P.## ....... ##..#
.......####..###P#..
............<.......
.........#....#####.
........####.## ∆


You could see 2 bog bodies.

Vanquished Creatures
  2 hydras
  4 boulder beetles
  2 two-headed ogres
  5 centaur warriors
  An ogre mage (D:13)
  2 tengu warriors
  The ghost of Darkkill the Skirmisher, a novice MiHu of Gozag (D:8)
  Amaemon (D:11)
  Sonja (D:11)
  A skeletal warrior (D:13)
  2 wizards (D:15)
  A deep elf archer (D:13)
  2 deep trolls (D:15)
  A deep elf pyromancer (D:13)
  An orc sorcerer (D:15)
  13 ugly things
  6 manticores
  9 cyclopes
  An oklob plant (Lair:1)
  A moth of wrath (shapeshifter) (D:14)
  2 black mambas (Lair:1)
  An orange demon (D:11)
  Maggie (D:9)
  3 gargoyles
  4 centaur skeletons (D:13)
  2 cane toads (Lair:1)
  2 rime drakes
  A komodo dragon (shapeshifter) (D:14)
  A tengu conjurer (D:14)
  A freezing wraith (D:14)
  A komodo dragon (Lair:1)
  A meliai (D:15)
  A meliai (shapeshifter) (D:14)
  5 trolls
  9 slime creatures
  A ynoxinul (D:8)
  3 wyverns
  A shadow (D:9)
  21 yaks
  2 steam dragons (D:9)
  A basilisk (D:13)
  14 vampire mosquitoes
  Menkaure (Ossuary)
  2 water moccasins
  4 ice beasts
  3 sky beasts
  6 orc warriors
  A black bear (D:6)
  4 ogres (D:13)
  A wolf (D:11)
  6 centaurs
  5 kobold brigands
  2 phantoms
  4 scorpions
  4 bullfrogs
  2 necrophages
  13 wights
  A troll zombie (Ossuary)
  6 killer bees (D:8)
  3 howler monkeys
  4 crimson imps (D:10)
  2 centaur zombies (Ossuary)
  2 quasits (D:8)
  3 hounds
  A jelly (D:7)
  2 human zombies (Ossuary)
  Crazy Yiuf (D:2)
  4 orc priests
  2 gnoll boudas
  3 iguanas
  7 orc wizards
  A centaur simulacrum (D:9)
  2 ogre zombies (Ossuary)
  6 mummies (Ossuary)
  20 gnolls
  8 adders
  A shadow imp (D:6)
  3 white imps (D:8)
  2 ufetubi (D:8)
  2 adder zombies (Ossuary)
  3 worms
  3 dart slugs
  42 orcs
  5 bats
  5 endoplasms
  3 giant cockroaches
  2 gnoll zombies (Ossuary)
  4 goblins
  5 hobgoblins
  27 kobolds
  7 quokkas
  5 ball pythons
  3 frilled lizards (D:2)
  3 goblin zombies (Ossuary)
  4 hobgoblin zombies (Ossuary)
  2 kobold zombies (Ossuary)
  6 quokka zombies (Ossuary)
  8 rats
  4 rat zombies (Ossuary)
  2 butterflies (D:7)
422 creatures vanquished.

Vanquished Creatures (others)
  An orc wizard (D:4)
  3 demonic plants (D:8)
  17 fungi
  5 plants
26 creatures vanquished.

Grand Total: 448 creatures vanquished

Notes
Turn   | Place    | Note
-------+----------+-------------------------------------------
     0 | D:1      | karrick the Gnoll Fighter began the quest for the Orb.
     0 | D:1      | Reached XP level 1. HP: 23/23 MP: 1/1
   151 | D:1      | Reached XP level 2. HP: 25/29 MP: 2/2
   818 | D:2      | Reached XP level 3. HP: 35/35 MP: 2/4
   853 | D:2      | Reached skill level 1 in Invocations
  1030 | D:2      | Reached skill level 1 in Short Blades
  1030 | D:2      | Reached skill level 1 in Long Blades
  1030 | D:2      | Reached skill level 1 in Maces & Flails
  1030 | D:2      | Reached skill level 1 in Polearms
  1030 | D:2      | Reached skill level 1 in Staves
  1030 | D:2      | Reached skill level 1 in Ranged Weapons
  1030 | D:2      | Reached skill level 1 in Throwing
  1030 | D:2      | Reached skill level 1 in Dodging
  1030 | D:2      | Reached skill level 1 in Stealth
  1030 | D:2      | Reached skill level 1 in Unarmed Combat
  1030 | D:2      | Reached skill level 1 in Spellcasting
  1030 | D:2      | Reached skill level 1 in Evocations
  1252 | D:2      | Reached XP level 4. HP: 41/41 MP: 5/5
  1528 | D:2      | Found a runed translucent door.
  1529 | D:2      | Noticed Crazy Yiuf
  1719 | D:2      | Killed Crazy Yiuf
  1720 | D:2      | Reached skill level 1 in Conjurations
  1720 | D:2      | Reached skill level 1 in Hexes
  1720 | D:2      | Reached skill level 1 in Summonings
  1720 | D:2      | Reached skill level 1 in Necromancy
  1720 | D:2      | Reached skill level 1 in Translocations
  1720 | D:2      | Reached skill level 1 in Transmutations
  1720 | D:2      | Reached skill level 1 in Fire Magic
  1720 | D:2      | Reached skill level 1 in Ice Magic
  1720 | D:2      | Reached skill level 1 in Air Magic
  1720 | D:2      | Reached skill level 1 in Earth Magic
  1720 | D:2      | Reached skill level 1 in Poison Magic
  1852 | D:3      | Found an ancient bone altar of Kikubaaqudgha.
  1852 | D:3      | Found a shimmering blue altar of Sif Muna.
  1966 | D:3      | Found a glowing golden altar of the Shining One.
  2032 | D:3      | Found a broken altar of Ashenzari.
  2038 | D:3      | Reached XP level 5. HP: 47/47 MP: 5/7
  2147 | D:3      | HP: 2/47 [gnoll/+0 spear (4)]
  2334 | D:3      | Found an iron altar of Okawaru.
  2334 | D:3      | Found a bloodstained altar of Trog.
  2344 | D:3      | Became a worshipper of Warmaster Okawaru
  2423 | D:3      | Found a sacrificial altar of Ru.
  2427 | D:3      | Found the +1 Delatra's gloves {ID++}
  2490 | D:3      | Reached XP level 6. HP: 46/53 MP: 8/8
  2525 | D:3      | Found a snail-covered altar of Cheibriados.
  2652 | D:3      | Reached skill level 5 in Axes
  3091 | D:4      | Reached * piety under Okawaru
  3092 | D:4      | Reached XP level 7. HP: 31/60 MP: 10/10
  3405 | D:4      | Found a radiant altar of Vehumet.
  3692 | D:5      | Entered Level 5 of the Dungeon
  3733 | D:5      | Found a sparkling altar of Nemelex Xobeh.
  3767 | D:5      | Reached ** piety under Okawaru
  3768 | D:5      | Reached XP level 8. HP: 67/67 MP: 12/12
  4270 | D:5      | Found an opulent altar of Gozag.
  5036 | D:6      | Reached *** piety under Okawaru
  5037 | D:6      | Reached XP level 9. HP: 27/73 MP: 14/14
  5306 | D:6      | Found a stormy altar of Qazlal.
  5866 | D:7      | Found the amulet of Vitality {RegenMP++ Regen++}
  5963 | D:7      | Found a staircase to the Ecumenical Temple.
  5996 | D:7      | Found a sand-covered staircase.
  6001 | Ossuary  | Entered an ossuary
  6312 | Ossuary  | Noticed Menkaure
  6399 | Ossuary  | Killed Menkaure
  6400 | Ossuary  | Reached skill level 5 in Invocations
  7142 | D:7      | Reached **** piety under Okawaru
  7172 | D:8      | Reached skill level 5 in Short Blades
  7172 | D:8      | Reached skill level 5 in Long Blades
  7172 | D:8      | Reached skill level 5 in Maces & Flails
  7172 | D:8      | Reached skill level 5 in Polearms
  7172 | D:8      | Reached skill level 5 in Staves
  7172 | D:8      | Reached skill level 5 in Ranged Weapons
  7172 | D:8      | Reached skill level 5 in Throwing
  7172 | D:8      | Reached skill level 5 in Dodging
  7172 | D:8      | Reached skill level 5 in Stealth
  7172 | D:8      | Reached skill level 5 in Unarmed Combat
  7172 | D:8      | Reached skill level 5 in Spellcasting
  7172 | D:8      | Reached skill level 5 in Evocations
  7172 | D:8      | Reached XP level 10. HP: 81/81 MP: 17/17
  7462 | D:8      | Noticed Darkkill's ghost (novice MiHu)
  7478 | D:8      | Found a runed translucent door.
  7622 | D:8      | Found a white marble altar of Elyvilon.
  7658 | D:8      | Found a hazy altar of Hepliaklqana.
  7891 | D:9      | Noticed Maggie
  8080 | D:9      | Reached ***** piety under Okawaru
  8080 | D:9      | Received a gift from Okawaru
  8099 | D:10     | Entered Level 10 of the Dungeon
  8224 | D:10     | Found a shimmering altar of Xom.
  8279 | D:10     | Found a staircase to the Orcish Mines.
  8283 | D:10     | Found a shadowy altar of Dithmenos.
  8317 | D:10     | Reached skill level 5 in Conjurations
  8317 | D:10     | Reached skill level 5 in Hexes
  8317 | D:10     | Reached skill level 5 in Summonings
  8317 | D:10     | Reached skill level 5 in Necromancy
  8317 | D:10     | Reached skill level 5 in Translocations
  8317 | D:10     | Reached skill level 5 in Transmutations
  8317 | D:10     | Reached skill level 5 in Fire Magic
  8317 | D:10     | Reached skill level 5 in Ice Magic
  8317 | D:10     | Reached skill level 5 in Air Magic
  8317 | D:10     | Reached skill level 5 in Earth Magic
  8317 | D:10     | Reached skill level 5 in Poison Magic
  8325 | D:10     | Reached XP level 11. HP: 84/89 MP: 20/20
  8579 | D:10     | Received a gift from Okawaru
  8939 | D:10     | Noticed a two-headed ogre
  8949 | D:10     | Killed a two-headed ogre
  9117 | D:11     | Noticed Amaemon
  9195 | D:9      | Killed Maggie
  9440 | D:9      | Received a gift from Okawaru
  9554 | D:9      | Noticed a brown ugly thing
  9852 | D:9      | Killed a brown ugly thing
  9947 | D:11     | Noticed a manticore
  9960 | D:11     | Killed a manticore
 10119 | D:12     | Noticed a manticore
 10136 | D:12     | Killed a manticore
 10173 | D:12     | Noticed a cyclops
 10182 | D:12     | Killed a cyclops
 10314 | D:12     | Noticed a white ugly thing
 10338 | D:12     | Killed a white ugly thing
 10338 | D:12     | Identified the +6 triple sword of Okawaru, Muttering {vamp,
                  | Will+} (Okawaru gifted it to you on level 12 of the
                  | Dungeon)
 10338 | D:12     | Received a gift from Okawaru
 10734 | D:12     | Reached XP level 12. HP: 84/97 MP: 22/22
 10744 | D:12     | Found Vaxt's Armour Emporium.
 11035 | D:13     | Noticed a boulder beetle
 11173 | D:14     | Noticed a centaur warrior
 11174 | D:14     | Noticed a two-headed ogre
 11185 | D:14     | Killed a two-headed ogre
 11194 | D:14     | Killed a centaur warrior
 11254 | D:14     | Noticed a tengu warrior
 11283 | D:14     | Killed a tengu warrior
 11284 | D:14     | Reached skill level 10 in Fighting
 11284 | D:14     | Reached skill level 10 in Armour
 11284 | D:14     | Reached skill level 10 in Shields
 11336 | D:14     | Identified the +1 robe of Kindness {-Tele rElec rC+ rCorr}
 11402 | D:14     | Received a gift from Okawaru
 11608 | D:14     | Identified the +2 quick blade "Berieph" {freeze, *Rage
                  | rElec MP+9 Str+5} (Okawaru gifted it to you on level 14 of
                  | the Dungeon)
 11608 | D:14     | Received a gift from Okawaru
 11647 | D:14     | Noticed a boulder beetle
 11694 | D:14     | Killed a boulder beetle
 11874 | D:14     | Found an ornate altar of the Wu Jian Council.
 11937 | D:15     | Entered Level 15 of the Dungeon
 12279 | D:15     | Reached XP level 13. HP: 69/104 MP: 25/25
 12306 | D:15     | Received a gift from Okawaru
 12460 | D:14     | Received a gift from Okawaru
 12566 | D:15     | Received a gift from Okawaru
 12566 | D:15     | Found the +11 plutonium sword {Contam Stlth-}
 12617 | D:15     | Found a staircase to the Depths.
 13368 | D:13     | Received a gift from Okawaru
 13495 | D:13     | Reached skill level 10 in Axes
 13668 | D:13     | Found a gate to the Vaults.
 13764 | D:13     | Received a gift from Okawaru
 13984 | D:14     | Reached XP level 14. HP: 83/113 MP: 27/27
 13996 | D:13     | Reached skill level 10 in Invocations
 14246 | D:12     | Bought the +0 buckler of Music {rElec MP+9 Dex+4} for 595
                  | gold pieces
 14360 | D:11     | Killed Amaemon
 14488 | D:11     | Noticed Sonja
 14536 | D:11     | Killed Sonja
 14536 | D:11     | Reached ****** piety under Okawaru
 14612 | D:11     | Found a staircase to the Lair.
 14810 | D:8      | Killed Darkkill's ghost
 14824 | D:8      | Got the Octavo of the Crater
 14892 | Lair:1   | Entered Level 1 of the Lair of Beasts
 15191 | Lair:1   | Found an opulent altar of Gozag.
 15540 | Lair:1   | Got Ypryileo's Parchment of Power
 15652 | Lair:1   | Received a gift from Okawaru
 16090 | Lair:2   | Found a staircase to the Swamp.
 16105 | Lair:2   | HP: 4/113 [bog body/bolt of cold (31)]
 16106 | Lair:2   | HP: 1/113 [bog body (24)]
 16109 | Lair:2   | Killed from afar by a bog body

Illustrated notes

Levels and vault maps discovered:
D:1:      wheals_arrival_linesprint, layout_basic
D:2:      layout_loops_cross, uniq_crazy_yiuf_cottage
D:3:      layout_rooms, grunt_temple_overflow_bloody_war, tso_metal_star,
          mainiacjoe_overflow_boulevard, nicolae_overflow_crystal_walls,
          mainiacjoe_overflow_alcove_1, gammafunk_temple_overflow_elements
D:4:      layout_rooms, lemuel_crystal_altar, hangedman_decor_growths,
          kennysheep_small_circle
D:5:      old_forge, layout_loops_ring, mainiacjoe_overflow_catwalk,
          kennysheep_mini_moat
D:6:      cheibrodos_helix_gallery, layout_basic, lemuel_doored_altar,
          serial_co_window_serial, co_window_paths_a,
          co_window_of_opportunity_a, co_window_of_opportunity_a,
          co_window_of_opportunity_a, co_window_paths_a,
          co_window_of_opportunity_a, co_window_corner_a, co_window_cross_2,
          co_window_2corner, co_window_corner_cb, co_window_of_opportunity_c
D:7:      layout_loops_ring, minmay_temple_entry_butterflies, enter_ossuary_2
D:8:      layout_rooms, mainiacjoe_overflow_two_lobes, serial_demonic,
          serial_demonic_d, serial_demonic_f, serial_demonic_b,
          serial_demonic_e, serial_demonic_g, serial_demonic_b,
          hellmonk_ghost_big_iron
D:9:      layout_cave_pods, lightli_corner_chamber, uniq_maggie
D:10:     layout_gridville, nicolae_dithmenos_the_darkroom, led_xom_imps,
          orc_0_dummy
D:11:     layout_roguey, hellmonk_lair_entry_icy, uniq_amaemon, uniq_sonja
D:12:     layout_gridville, serial_shops, nicolae_take_the_stairs
D:13:     layout_gridville, hangedman_vaults_entry_quadrant_bands
D:14:     layout_roguey, nzn_wu_jian_council_hall
D:15:     hangedman_depths_entry_civil_slaughter, layout_irregular_city,
          serial_rivers, chequers_serial_rivers_marsh,
          chequers_serial_rivers_marsh, chequers_serial_rivers_small_3,
          chequers_serial_rivers_small_3, chequers_decorated_corner,
          hangedman_abyss_or_decor_stagger, wad_floor_pattern_untrapped,
          st_stairs_7, minmay_stone_trees_medium
Lair:1:   layout_layer_cave, basic_altar, minmay_lair_oklob_items,
          nicolae_lair_lil_pond
Lair:2:   layout_small_grid, skrybe_swamp_entry_bodies, serial_bayou_shore_b,
          serial_bayou_shore_a, grunt_megastairs_5

Skill      XL: |  1  2  3  4  5  6  7  8  9 10 11 12 13 14 |
---------------+-------------------------------------------+-----
Invocations    | 1 2 3 4 5 6 7 8 9 10 | 10.3
Short Blades   | 1 2 3 5 6 7 8 9 |  9.5
Long Blades    | 1 2 3 5 6 7 8 9 |  9.5
Maces & Flails | 1 2 3 5 6 7 8 9 |  9.5
Polearms       | 1 2 3 5 6 7 8 9 |  9.5
Staves         | 1 2 3 5 6 7 8 9 |  9.5
Ranged Weapons | 1 2 3 5 6 7 8 9 |  9.5
Throwing       | 1 2 3 5 6 7 8 9 |  9.5
Dodging        | 1 2 3 5 6 7 8 9 |  9.5
Stealth        | 1 2 3 5 6 7 8 9 |  9.5
Unarmed Combat | 1 2 3 5 6 7 8 9 |  9.5
Spellcasting   | 1 2 3 5 6 7 8 9 |  9.5
Evocations     | 1 2 3 5 6 7 8 9 |  9.5
Conjurations   | 1 2 3 4 5 6 7 |  7.9
Hexes          | 1 2 3 4 5 6 7 |  7.9
Summonings     | 1 2 3 4 5 6 7 |  7.9
Necromancy     | 1 2 3 4 5 6 7 |  7.9
Translocations | 1 2 3 4 5 6 7 |  7.9
Transmutations | 1 2 3 4 5 6 7 |  7.9
Fire Magic     | 1 2 3 4 5 6 7 8 |  8.0
Ice Magic      | 1 2 3 4 5 6 7 |  7.9
Air Magic      | 1 2 3 4 5 6 7 |  7.9
Earth Magic    | 1 2 3 4 5 6 7 |  7.9
Poison Magic   | 1 2 3 4 5 6 7 |  7.9
Axes           | 5 6 7 8 9 10 | 10.5
Fighting       | 7 8 9 10 11 | 11.5
Armour         | 7 8 9 10 11 | 11.5
Shields        | 7 8 9 10 11 | 11.5

Action                   |  1- 3 |  4- 6 |  7- 9 | 10-12 | 13-15 || total
-------------------------+-------+-------+-------+-------+-------++-------
Melee: War axe           |    99 |   106 |    28 |       |    10 ||   243
       Bite              |     3 |    11 |    60 |   155 |   121 ||   350
       Spear             |       |    40 |       |       |       ||    40
       Falchion          |       |       |   352 |       |       ||   352
       Long sword        |       |       |    32 |   979 |   695 ||  1706
Throw: Boomerang         |       |       |       |     1 |    10 ||    11
Invok: Heroism           |       |       |     2 |     9 |     7 ||    18
Evoke: Wand              |       |       |       |     6 |     1 ||     7
  Use: Potion            |       |     6 |     1 |     1 |     3 ||    11
       Scroll            |       |       |     4 |     2 |     3 ||     9
 Stab: Sleeping          |       |       |     6 |     7 |     7 ||    20
       Invisible         |       |       |       |     4 |       ||     4
       Distracted        |       |       |       |       |     2 ||     2
Armor: Scale mail        |    47 |    71 |   252 |   409 |   309 ||  1088
Dodge: Dodged            |    48 |    57 |   262 |   548 |   450 ||  1365
Block: Buckler           |    20 |    27 |   177 |   382 |   273 ||   879

Table legend: (Time is in decaauts)
 A = Elapsed time spent in this place.
 B = Non-inter-level travel time spent in this place.
 C = Inter-level travel time spent in this place.
 D = Time resting spent in this place.
 E = Time spent auto-exploring this place.
 F = Levels seen in this place.
 G = Mean time per level.
                   A        B        C        D        E       F      G
               +--------+--------+--------+--------+--------+-----+--------+
         Total |  16458 |  15678 |    780 |     86 |  10654 |  18 |  914.3 |
       Dungeon |  14614 |  13850 |    764 |     86 |   9417 |  15 |  974.3 |
          Lair |   1216 |   1201 |     15 |      0 |    988 |   2 |  608.0 |
       Ossuary |    627 |    627 |      0 |      0 |    249 |   1 |  627.0 |
               +--------+--------+--------+--------+--------+-----+--------+

Top non-repeatable levels by time:
     D:6: 1566 daAuts
    D:13: 1217 daAuts
  Lair:1: 1166 daAuts
    D:15: 1162 daAuts
     D:9: 1116 daAuts
     D:3: 1048 daAuts
     D:2: 1043 daAuts
    D:10: 1017 daAuts
    D:14: 946 daAuts
    D:12: 924 daAuts
     D:4: 879 daAuts
     D:1: 827 daAuts
     D:7: 806 daAuts
     D:8: 722 daAuts
    D:11: 667 daAuts
